 Dungeon Crawl Stone Soup version 0.31-a0-543-geaa9c7a2c0 (webtiles) character file.

Game seed: 2104617748206030340

3908 Bnni the Geomancer (level 10, -8/77 HPs)
             Began as a Formicid Earth Elementalist on Aug 14, 2023.
             Was a Priest of Cheibriados.
             Mangled by a two-headed ogre
             ... wielding a +0 giant club
              (19 damage)
             ... on level 8 of the Dungeon.
             The game lasted 00:13:49 (7590 turns).

Bnni the Geomancer (Formicid Earth Elementalist)    Turns: 7590, Time: 00:13:50

Health: -8/77      AC:  7    Str: 21    XL:     10   Next: 43%
Magic:  9/19       EV: 11    Int: 25    God:    Cheibriados [***...]
Gold:   477        SH:  0    Dex: 21    Spells: 7/21 levels left

rFire   . . .        G - +0 dagger (vamp)
rCold   . . .        (no shield)
rNeg    . . .        m - +0 ring mail
rPois   .            (helmet unavailable)
rElec   .            (no cloak)
rCorr   +            (no gloves)
SInv    +            n - +0 pair of boots
Will    ++...        c - amulet of regeneration
Stlth   ++           E - ring of willpower
HPRegen 1.12/turn    i - ring of resist corrosion
MPRegen 0.16/turn

%: no passive effects
@: very slow
A: permanent stasis, dig shafts and tunnels, antennae 3, four strong arms
a: Dig, Shaft Self, Renounce Religion, Bend Time, Temporal Distortion


You were on level 8 of the Dungeon.
You worshipped Cheibriados.
Cheibriados was most pleased with you.
You visited 2 branches of the dungeon, and saw 9 of its levels.

You collected 477 gold pieces.

Inventory:

Hand Weapons
 w - a +4 dagger
 G - a +0 vampiric dagger (weapon)
Missiles
 d - a curare-tipped dart
 f - 7 poisoned darts
 z - a throwing net
Armour
 k - a +0 plate armour
 m - a +0 ring mail (worn)
 n - a +0 pair of boots (worn)
Jewellery
 c - an amulet of regeneration (around neck)
 i - a ring of resist corrosion (right hand)
 E - a ring of willpower (left hand)
Wands
 a - a wand of mindburst (14)
 g - a wand of flame (21)
 y - a wand of iceblast (10)
 B - a wand of digging (7)
 C - a wand of paralysis (9)
 H - a wand of quicksilver (4)
Scrolls
 j - 2 scrolls of amnesia {unknown}
 l - 3 scrolls of revelation {unknown}
 q - 2 scrolls of fear {unknown}
 r - a scroll of blinking {unknown}
 u - 3 scrolls of vulnerability {unknown}
 v - a scroll of noise {unknown}
 x - a scroll of immolation {unknown}
 D - a scroll of brand weapon
 F - a scroll of enchant weapon
Potions
 b - 2 potions of magic
 e - 2 potions of lignification
 h - 5 potions of curing
 o - a potion of attraction {unknown}
 p - 2 potions of heal wounds
 s - a potion of haste {unknown}
 t - 4 potions of brilliance
 A - 4 potions of cancellation {unknown}


   Skills:
 + Level 6.4 Fighting
 + Level 4.2 Armour
 - Level 1.7 Dodging
 - Level 2.4 Stealth
 + Level 6.3 Spellcasting
 - Level 3.0 Conjurations
 - Level 3.0 Summonings
 - Level 3.0 Transmutations
 * Level 10.8 Earth Magic
 + Level 4.5 Invocations


You had 7 spell levels left.
You knew the following spells:

 Your Spells              Type           Power      Damage    Failure   Level
a - Sandblast             Erth           100%       2d20      1%          1
b - Passwall              Tmut/Erth      35%        N/A       1%          2
c - Stone Arrow           Conj/Erth      84%        3d12      1%          3
d - Petrify               Tmut/Erth      42%        N/A       7%          4
g - Animate Armour        Summ/Erth      84%        N/A       7%          4

Your spell library contained the following spells:

 Spells                   Type           Power      Damage    Failure   Level
 Slow                     Hex            28%        N/A       12%         1
 Dazzling Flash           Conj/Hex       30%        N/A       19%         3
 Confusing Touch          Hex            7%         N/A       34%         3
 Vampiric Draining        Necr           7%         2d6       34%         3
 Volatile Blastmotes      Fire/Tloc      14%        2d11      34%         3
 Arcjolt                  Conj/Air       7%         1d17      87%         5
 Starburst                Conj/Fire      7%         6d4       100%        6
 Lehudib's Crystal Spear  Conj/Erth      21%        10d6      100%        8
 Maxwell's Capacitive Co  Air            3%         ∞         100%        8
 Vhi's Electric Charge    Tloc/Air       Unusable   N/A       N/A         3

Dungeon Overview and Level Annotations

Branches:
Dungeon (8/15)             Temple (1/1) D:4
   Lair: D:8-11

Altars:
Ashenzari
Cheibriados
Dithmenos
Elyvilon
Fedhas
Gozag
Hepliaklqana
Kikubaaqudgha
Makhleb
Nemelex Xobeh
Okawaru
Qazlal
Trog
Uskayaw
Wu Jian
Xom
Zin
The Shining One


Innate Abilities, Weirdness & Mutations

You cannot be hasted, slowed, berserked, paralysed or teleported.
You can dig through walls and to a lower floor.
You have a pair of large antennae on your head. (SInv)
Your four strong arms can wield two-handed weapons with a shield.


Message History

Okay, then.
You hit the yak but do no damage.
The yak is almost dead.
The yak misses you.
Your animated ring mail hits the yak.
Your animated ring mail hits the yak!
You hit the yak.
You feel better.
The yak is almost dead.
The yak gores you but does no damage.
Your animated ring mail hits the yak but does no damage.
Your animated ring mail hits the yak!
Unknown command.
What are your orders? t - Shout!
Orders for allies: a - Attack new target. p - Attack previous target. r - Retreat! s - Stop attacking. g - Guard the area. f - Follow me.
Anything else - Cancel.
Gang up on whom?
Press: ? - help, Dir - move target, f - two-headed ogre, p - yak
Aim: a two-headed ogre, wielding two +0 giant clubs Attack!
The yak gores you.
Your animated ring mail hits the two-headed ogre!
Your animated ring mail hits the two-headed ogre.
Unknown command.
You hit the yak.
You kill the yak!
Cheibriados thoroughly appreciates the change of pace.
Your animated ring mail hits the yak!
Your animated ring mail barely misses the yak.
Unknown command.
Casting: Sandblast (safe; 1% risk of failure)
Confirm with . or Enter, or press ? or * to list all spells.
Aiming: Petrify (dangerous; 7% risk of failure)
Press: ? - help, Shift-Dir - straight line, f/p - two-headed ogre
Aim: a two-headed ogre, wielding two +0 giant clubs (moderately wounded, ally target, chance to affect: 50%)
The two-headed ogre resists with some effort.
The two-headed ogre hits you with a +0 giant club!!
* * * LOW HITPOINT WARNING * * *
The two-headed ogre hits you with a +0 giant club!!
You die...

#...#...#...## ##...#.#
# #...#...#..# #. ....
#. #...# ...# ## ...
###. ##.###...### # ##.
#....#...#....... #. ##
#..#..[#[..#...# #.#
#........Y....#
#.###..##
#.....###O#####
#........ ###### #@#
#####........ ###.#
#........<...
#...####.#....>.....
###...................
#....≈≈≈≈≈≈≈≈.........
#.##.≈...§.(.≈†.......
##.##.≈.≈≈≈≈..≈........
#..##.≈.≈...≈.≈........
#.###.≈.≈._.≈.≈....###.


You could see a two-headed ogre (ally target), a yak and a friendly animated
ring mail (summoned).

Vanquished Creatures
  A hornet (D:8)
  Grinder (D:4)
  Eustachio (D:5)
  3 yaks (D:8)
  A water moccasin (D:7)
  A black bear (D:5)
  An ice beast (D:5)
  3 ogres
  A phantom (D:6)
  A kobold brigand (D:7)
  4 scorpions
  A bullfrog (D:8)
  11 wights
  5 crimson imps (D:7)
  4 jellies
  A gnoll bouda (D:4)
  3 iguanas
  A sleepcap (D:5)
  An orc wizard (D:6)
  Natasha (thrice) (D:4)
  Robin (D:4)
  6 gnolls
  9 adders
  5 white imps
  2 worms
  A dart slug (D:5)
  12 orcs
  4 endoplasms
  13 goblins
  11 hobgoblins
  2 quokkas
  4 ball pythons
  5 bats
  A frilled lizard (D:2)
  6 kobolds
  7 rats
137 creatures vanquished.

Vanquished Creatures (collateral kills)
  A wyvern (D:8)
  A yak (D:8)
  4 wights (D:8)
  3 crimson imps (D:7)
9 creatures vanquished.

Grand Total: 146 creatures vanquished

Notes
Turn   | Place    | Note
-------+----------+-------------------------------------------
     0 | D:1      | Bnni the Formicid Earth Elementalist began the quest for
                  | the Orb.
     0 | D:1      | Reached XP level 1. HP: 13/13 MP: 3/3
   273 | D:1      | Reached XP level 2. HP: 19/19 MP: 0/5
   526 | D:1      | Learned a level 2 spell: Passwall
   829 | D:2      | Reached skill level 4 in Earth Magic
  1014 | D:2      | Reached skill level 1 in Conjurations
  1104 | D:2      | Reached XP level 3. HP: 25/25 MP: 4/6
  1459 | D:2      | Reached XP level 4. HP: 31/31 MP: 5/7
  1977 | D:3      | Found a glowing golden altar of the Shining One.
  2299 | D:4      | Noticed Natasha
  2306 | D:3      | Reached skill level 1 in Fighting
  2394 | D:4      | Reached XP level 5. HP: 20/37 MP: 4/8
  2396 | D:4      | Killed Natasha
  2400 | D:4      | HP: 1/37 [gnoll/+0 halberd[a gnoll bouda] (14)]
  2598 | D:4      | Learned a level 3 spell: Stone Arrow
  2615 | D:4      | Noticed Natasha
  2618 | D:4      | Reached XP level 6. HP: 31/43 MP: 7/10
  2620 | D:4      | Killed Natasha
  2621 | D:4      | Reached skill level 5 in Earth Magic
  2683 | D:4      | Noticed Grinder
  2691 | D:4      | Killed Grinder
  2692 | D:4      | Reached XP level 7. HP: 34/51 MP: 4/12
  2759 | D:4      | Learned a level 4 spell: Petrify
  2987 | D:4      | Found a staircase to the Ecumenical Temple.
  3019 | Temple   | Entered the Ecumenical Temple
  3035 | Temple   | Became a worshipper of Cheibriados the Contemplative
  3167 | D:4      | Found a burning altar of Makhleb.
  3169 | D:4      | Noticed an Executioner
  3174 | D:4      | Noticed a neqoxec
  3174 | D:4      | Noticed a smoke demon
  3189 | D:4      | Noticed Natasha
  3192 | D:4      | Killed Natasha
  3193 | D:4      | Reached skill level 6 in Earth Magic
  3591 | D:4      | Found a white marble altar of Elyvilon.
  3635 | D:4      | Noticed Robin
  3647 | D:4      | Killed Robin
  3860 | D:4      | Found an iron altar of Okawaru.
  4260 | D:5      | Entered Level 5 of the Dungeon
  4343 | D:5      | Noticed Eustachio
  4347 | D:5      | Killed Eustachio
  4348 | D:5      | Reached skill level 7 in Earth Magic
  4348 | D:5      | Reached XP level 8. HP: 39/58 MP: 8/14
  4441 | D:5      | Reached * piety under Cheibriados
  4764 | D:5      | Reached skill level 8 in Earth Magic
  5302 | D:6      | Reached skill level 5 in Spellcasting
  5303 | D:6      | Reached skill level 1 in Invocations
  5308 | D:6      | Reached skill level 1 in Armour
  5308 | D:6      | Reached XP level 9. HP: 45/66 MP: 7/16
  5690 | D:6      | Reached skill level 5 in Fighting
  5690 | D:6      | Reached skill level 9 in Earth Magic
  5729 | D:6      | Reached ** piety under Cheibriados
  6634 | D:7      | Learned a level 4 spell: Animate Armour
  6744 | D:7      | Reached skill level 1 in Summonings
  7087 | D:8      | Reached skill level 10 in Earth Magic
  7152 | D:8      | Noticed a hornet
  7160 | D:8      | Killed a hornet
  7161 | D:8      | Reached XP level 10. HP: 76/76 MP: 11/18
  7262 | D:8      | Reached *** piety under Cheibriados
  7434 | D:8      | Found a bloodstained altar of Trog.
  7508 | D:8      | Noticed a two-headed ogre
  7590 | D:8      | Mangled by a two-headed ogre

Illustrated notes

Levels and vault maps discovered:
D:1:      dpeg_arrival_houses_and_road, layout_rooms,
          minmay_misc_feat_secret_circle
D:2:      layout_basic
D:3:      layout_basic, mainiacjoe_overflow_six_doors_small
D:4:      layout_layer_cave, makhleb_altar_promises_db,
          mainiacjoe_overflow_paths, kennysheep_okawaru_gauntlet,
          temple_statues, kennysheep_generic_room_3, uniq_grinder, uniq_natasha,
          uniq_robin
D:5:      layout_basic, uniq_eustachio
D:6:      layout_loops_cross, grunt_ministairs_1, hangedman_decor_slide_cut
D:7:      layout_rooms, minmay_nine_imps
D:8:      layout_rooms, mainiacjoe_overflow_concentric_impassable,
          minmay_misc_feat_four_crosses
Temple:   dshaligram_water_room_temple

Skill      XL: |  1  2  3  4  5  6  7  8  9 10 |
---------------+-------------------------------+-----
Earth Magic    | 4 5 7 8 10 | 10.8
Conjurations   | 1 2 3 |  3.0
Transmutations | 2 3 |  3.0
Fighting       | 1 2 3 4 5 6 |  6.4
Spellcasting   | 3 4 5 6 |  6.3
Invocations    | 1 3 4 |  4.5
Armour         | 1 3 4 |  4.2
Summonings     | 2 3 |  3.0
Dodging        | |  1.7
Stealth        | |  2.4

Action                     |  1- 3 |  4- 6 |  7- 9 | 10-12 || total
---------------------------+-------+-------+-------+-------++-------
  Melee: Dagger            |     2 |       |    13 |     3 ||    18
   Cast: Sandblast         |    34 |    44 |   155 |    23 ||   256
         Animate Armour    |       |       |     3 |     3 ||     6
         Petrify           |       |       |       |     1 ||     1
    Use: Potion            |       |       |     1 |       ||     1
         Scroll            |       |       |     5 |     3 ||     8
 Armour: Leather armour    |     2 |     6 |    15 |       ||    23
         Ring mail         |       |       |     8 |     4 ||    12
  Dodge: Dodged            |     6 |    23 |    55 |     9 ||    93

Table legend: (Time is in decaauts)
 A = Elapsed time spent in this place.
 B = Non-inter-level travel time spent in this place.
 C = Inter-level travel time spent in this place.
 D = Time resting spent in this place.
 E = Time spent auto-exploring this place.
 F = Levels seen in this place.
 G = Mean time per level.
                   A        B        C        D        E       F      G
               +--------+--------+--------+--------+--------+-----+--------+
         Total |   8863 |   8073 |    790 |    367 |   6550 |   9 |  984.8 |
       Dungeon |   8826 |   8070 |    756 |    367 |   6550 |   8 | 1103.2 |
        Temple |     36 |      2 |     34 |      0 |      0 |   1 |   36.0 |
               +--------+--------+--------+--------+--------+-----+--------+

Top non-repeatable levels by time:
     D:4: 1980 daAuts
     D:6: 1331 daAuts
     D:5: 1207 daAuts
     D:7: 1011 daAuts
     D:3: 900 daAuts
     D:2: 873 daAuts
     D:1: 840 daAuts
     D:8: 682 daAuts
  Temple: 36 daAuts
